Map: Ruins of Seras

Players

Javert

  • Race: Zerg Zerg
  • League: Gold

User - Winner!

  • Race: Terran Terran
  • League: Gold

VOD

Have the link to the VOD?

Description

Time

  • Played on: Sept. 16, 2015, 10:18 p.m.
  • Length: 8:05
Show
View Real Time Build Order
Export as new Build Order

Javert Zerg 

Build Orders: Hatch First 

Get SALT Encoding   

  12  0:01  Drone  
  13  0:13  Overlord  
  13  0:19  Drone  
  14  0:32  Drone x2  
  14  0:35  Drone  
  17  0:55  Hatchery  
  17  0:57  Drone  
  17  1:01  Extractor  
  16  1:15  Drone x2  
  18  1:26  Spawning Pool  
  18  1:28  Drone  
  18  1:29  Drone  
  19  1:44  Drone  
  20  1:53  Drone  
  21  2:06  Overlord  
  21  2:13  Metabolic Boost  
  21  2:14  Queen  
  21  2:15  Queen  
  25  2:18  Zergling x6  
  28  2:25  Overlord  
  28  2:33  Drone x2  
  30  2:40  Drone  
  31  2:56  Drone x2  
  33  2:59  Hatchery  
  33  3:04  Queen  
  34  3:19  Drone  
  34  3:20  Drone x4  
  37  3:35  Roach Warren  
  37  3:39  Zergling x6  
  37  3:40  Zergling x6  
  42  3:50  Drone  
  42  3:52  Overlord  
  43  3:57  Drone  
  44  4:06  Overlord  
  44  4:09  Zergling x2  
  44  4:10  Spine Crawler  
  43  4:18  Zergling x8  
  43  4:19  Zergling x4  
  49  4:30  Roach  
  49  4:31  Roach x7  
  65  4:42  Lair  
  63  4:57  Overlord  
  63  4:58  Overlord  
  63  4:59  Overlord  
  63  5:06  Overlord  
  64  5:21  Drone x3  
  64  5:22  Drone x3  
  64  5:24  Hatchery  
  55  5:48  Drone x7  
  62  6:02  Drone x5  
  67  6:05  Extractor x2  
  67  6:07  Evolution Chamber, Glial Reconstitution  
  67  6:09  Evolution Chamber  
  63  6:15  Spore Crawler, Extractor  
  63  6:16  Drone x2  
  63  6:24  Ravager x2  
  58  7:03  Extractor x2  
  56  7:20  Drone x3  
  56  7:22  Drone x3  
  62  7:26  Overlord x2  
  62  7:27  Drone x2  
  65  7:37  Drone x2, Overlord  
  65  7:40  Drone x5  
  65  7:41  Drone x5  
  65  7:44  Overseer  
  76  7:45  Overlord  
  78  7:51  Hatchery  
Show
View Real Time Build Order
Export as new Build Order

User Terran - Winner!

Build Orders: Cyclone Opening, Hellion Opening 

Get SALT Encoding   

  12  0:01  SCV  
  13  0:13  SCV  
  14  0:19  Supply Depot  
  14  0:25  SCV  
  15  0:28  Refinery  
  15  0:40  SCV  
  16  0:45  Barracks  
  16  0:52  SCV  
  17  0:57  Refinery  
  17  1:04  SCV  
  18  1:16  SCV  
  19  1:32  Orbital Command  
  19  1:35  Factory  
  19  1:47  Factory  
  19  1:54  Barracks Reactor  
  19  2:00  Supply Depot  
  19  2:02  SCV  
  20  2:14  SCV  
  21  2:20  Factory Tech Lab  
  21  2:30  Supply Depot  
  21  2:39  SCV  
  21  2:40  Cyclone  
  21  2:43  Hellion x2  
  29  2:55  SCV  
  30  3:05  Hellion x2  
  34  3:12  Cyclone  
  37  3:32  Armory  
  37  3:33  Hellion  
  37  3:34  Hellion  
  41  3:43  SCV  
  41  3:47  Starport  
  42  4:19  Siege Tank  
  42  4:20  Hellbat  
  42  4:21  Command Center  
  47  4:25  Hellbat, Medivac  
  51  4:50  Engineering Bay  
  51  4:51  Siege Tank  
  54  5:24  Barracks Reactor  
  54  5:28  Missile Turret  
  54  5:32  Medivac  
  50  5:38  Refinery  
  50  5:48  Refinery  
  50  6:30  SCV  
  51  6:36  Hellbat  
  51  6:37  Thor, Liberator, Hellbat  
  51  6:38  Liberator  
  61  6:42  SCV  
  62  6:58  Orbital Command  
  62  7:00  SCV  
  69  7:11  Missile Turret  
  69  7:12  SCV  
  70  7:38  Supply Depot  
  70  7:40  Supply Depot  
  70  7:41  Supply Depot  
  70  7:56  Command Center  
Tags
 
Add a new tag
Caveats
  • Supply blocks, unpowered buildings, or Contaminate may cause inaccurate times.
  • Supply counts are checked every 10 seconds.